 Dungeon Crawl Stone Soup version 0.20.1-1-g8b1a95d (console) character file.

2399 hilaritas the Cleaver (level 9, -7/69 HPs)
             Began as a Formicid Fighter on Nov 26, 2017.
             Was an Initiate of the Shining One.
             Killed from afar by Joseph (8 damage)
             ... with a wand of acid (?/15)
             ... on level 7 of the Dungeon.
             The game lasted 00:11:26 (6264 turns).

hilaritas the Cleaver (Formicid Fighter)            Turns: 6264, Time: 00:11:27

Health: -7/69      AC:  8    Str: 24    XL:     9   Next: 75%
Magic:  10/10      EV:  6    Int:  8    God:    the Shining One [......]
Gold:   312        SH: 16    Dex: 10    Spells: 8/8 levels left

rFire    + . .     SeeInvis +   a - +1 war axe (chop)
rCold    + . .     Gourm    .   c - +0 shield
rNeg     . . .     Faith    .   C - +0 plate armour
rPois    .         Spirit   .   (helmet unavailable)
rElec    .         Reflect  +   v - scarf {rC+ rF+}
rCorr    .         Harm     .   (no gloves)
MR       .....                  k - +0 pair of boots (curse)
Stlth    ..........             i - +5 amulet of reflection
Regen    0.3/turn               (no ring)
MPRegen  0.2/turn               (no ring)

@: corroded, glowing
A: permanent stasis, dig shafts and tunnels, four strong arms, antennae 3
a: Dig, Shaft Self, Renounce Religion


You were on level 7 of the Dungeon.
You worshipped the Shining One.
The Shining One was noncommittal.
You were not hungry.

You visited 1 branch of the dungeon, and saw 7 of its levels.

You collected 312 gold pieces.

Inventory:

Hand Weapons
 a - a +1 war axe of chopping (weapon)
 j - a +0 whip of freezing
 q - a +0 war axe
Armour
 c - a +0 shield (worn)
 k - a cursed +0 pair of boots (worn)
 v - a scarf of resistance (worn)
 C - a +0 plate armour (worn)
Jewellery
 i - a +5 amulet of reflection (around neck)
 t - an uncursed amulet of guardian spirit
 y - an uncursed ring of resist corrosion
Wands
 b - a wand of confusion (33/48)
 s - a wand of acid (11/15)
 E - a wand of disintegration (9/24)
Scrolls
 e - 4 scrolls of identify
 l - a scroll of fear
 o - a scroll of remove curse
 r - 2 scrolls of magic mapping
 u - 2 scrolls of recharging
 D - a scroll of amnesia
Potions
 d - 3 potions of might
 g - 3 potions of lignification {unknown}
 m - a potion of heal wounds {unknown}
 p - a potion of agility {unknown}
 x - 3 potions of degeneration {unknown}
 z - a potion of berserk rage {unknown}
 A - a potion of resistance {unknown}
Comestibles
 f - 7 bread rations
 h - 2 meat rations
 n - 3 royal jellies
 w - 4 fruits
 B - 3 chunks of flesh


   Skills:
 * Level 6.0 Fighting
 - Level 10.0 Axes
 + Level 3.6 Armour
 + Level 7.5 Shields
 * Level 2.2 Invocations


You had 8 spell levels left.
You didn't know any spells.

Dungeon Overview and Level Annotations

Branches:
Dungeon (7/15)
 Temple: D:4-7

Altars:
Ashenzari
Fedhas
Gozag
Qazlal
The Shining One

Shops:
D:5 *

Annotations:
D:7 Joseph


Innate Abilities, Weirdness & Mutations

You cannot be hasted, slowed, berserked, paralysed or teleported.
You can dig through walls and to a lower floor.
Your four strong arms can wield two-handed weapons with a shield.
You have a pair of large antennae on your head. (SInv)


Message History

Joseph shoots a sling bullet.
You reflect the sling bullet off an invisible shield around you!
The sling bullet hits Joseph!
Joseph shoots a sling bullet.
The sling bullet hits you!
* * * LOW HITPOINT WARNING * * *
You see here a sling bullet.
Joseph shoots a sling bullet.
You reflect the sling bullet off an invisible shield around you!
The sling bullet hits Joseph!
You start resting.
You sense a monster nearby.
You start resting.
Joseph zaps a wand.
The bolt of acid hits you!
* * * LOW HITPOINT WARNING * * *
The acid corrodes you!
You are splashed with acid!
The acid burns!
The Shining One protects you from harm!
You hit Joseph but do no damage.
Joseph is heavily wounded.
Joseph zaps a wand.
The bolt of acid hits you!
You die...

##..≈§§≈§§≈≈≈≈..#
#....≈§§§≈≈≈≈...#
###....≈≈≈.§..≈...#
.......≈..§....(.(#
.###......§.......#
.##......##..####.#
.##.##.#....## #.#
.##.##.#.#### #.#
.......#.# #.#
########.########@#
# #........@.# #
###.######## # #...
# #...# { .#..# { {
# ..# ..# ...


You could see Joseph.

Vanquished Creatures
  Pikel (D:4)
  The ghost of bananaglory the Magician, an amateur DrWz (D:4)
  Prince Ribbit (D:7)
  An orc warrior (D:6)
  A sky beast (D:5)
  5 ogres
  4 bullfrogs (D:6)
  2 crimson imps (D:7)
  A centaur zombie (D:6)
  5 hounds
  A jelly (D:6)
  A centaur skeleton (D:7)
  Crazy Yiuf (D:3)
  A bullfrog skeleton (D:4)
  An iguana (D:6)
  3 worker ants
  A hound skeleton (D:5)
  12 adders
  An ooze (D:5)
  An adder skeleton (D:7)
  4 worms
  2 dart slugs (D:2)
  2 leopard geckos (D:4)
  8 orcs
  5 bats
  8 giant cockroaches
  8 goblins
  10 hobgoblins
  8 jackals
  6 kobolds
  5 quokkas
  2 ball pythons
  2 frilled lizards
  A jackal skeleton (D:4)
  3 rats
119 creatures vanquished.

Vanquished Creatures (others)
  A dart slug (D:4)
  A giant cockroach (D:4)
2 creatures vanquished.

Grand Total: 121 creatures vanquished

Notes
Turn   | Place    | Note
-------+----------+-------------------------------------------
     0 | D:1      | hilaritas the Formicid Fighter began the quest for the Orb.
     0 | D:1      | Reached XP level 1. HP: 18/18 MP: 1/1
   150 | D:1      | Reached XP level 2. HP: 21/24 MP: 2/2
   699 | D:1      | Reached XP level 3. HP: 29/29 MP: 3/3
   883 | D:2      | Reached skill level 3 in Axes
   903 | D:2      | Reached XP level 4. HP: 6/37 MP: 4/4
  1808 | D:3      | Reached XP level 5. HP: 42/42 MP: 5/5
  1824 | D:3      | Reached skill level 4 in Axes
  1995 | D:3      | Found a runed door.
  2447 | D:3      | Noticed Crazy Yiuf
  2455 | D:3      | Killed Crazy Yiuf
  2686 | D:4      | Reached XP level 6. HP: 48/48 MP: 6/6
  2752 | D:4      | Noticed bananaglory's ghost (amateur DrWz)
  2801 | D:4      | Killed bananaglory's ghost
  2801 | D:4      | Reached skill level 5 in Axes
  2801 | D:4      | Reached skill level 5 in Shields
  2801 | D:4      | Reached XP level 7. HP: 23/54 MP: 3/7
  2996 | D:4      | Noticed Pikel
  3030 | D:4      | Killed Pikel
  3030 | D:4      | Reached skill level 7 in Axes
  3030 | D:4      | Reached XP level 8. HP: 20/61 MP: 5/8
  3363 | D:4      | Found a blossoming altar of Fedhas.
  3801 | D:5      | Entered Level 5 of the Dungeon
  3992 | D:5      | Reached skill level 8 in Axes
  4156 | D:5      | Found an opulent altar of Gozag.
  4158 | D:5      | Found Gozag's Platinum Reserve.
  4648 | D:5      | Reached skill level 5 in Fighting
  4799 | D:6      | Reached XP level 9. HP: 68/68 MP: 9/9
  4895 | D:6      | Reached skill level 9 in Axes
  5424 | D:6      | Found a glowing golden altar of the Shining One.
  5427 | D:6      | Became a worshipper of the Shining One
  5691 | D:6      | Reached skill level 10 in Axes
  5805 | D:7      | Noticed Prince Ribbit
  5823 | D:7      | Killed Prince Ribbit
  5823 | D:7      | Reached skill level 1 in Invocations
  5985 | D:7      | Found a shattered altar of Ashenzari.
  6205 | D:7      | Found a stormy altar of Qazlal.
  6241 | D:7      | Noticed Joseph
  6263 | D:7      | HP: 1/69 [Joseph/wand of acid (?/15) (13)]
  6263 | D:7      | The Shining One protects you from harm!
  6264 | D:7      | Killed from afar by Joseph

Skill      XL: |  1  2  3  4  5  6  7  8  9 |
---------------+----------------------------+-----
Shields        | 4 5 6 7 |  7.5
Axes           | 3 4 5 7 8 10 | 10.0
Fighting       | 4 5 6 |  6.0
Invocations    | 2 |  2.2
Armour         | |  3.6

Action                   |  1- 3 |  4- 6 |  7- 9 || total
-------------------------+-------+-------+-------++-------
Melee: War axe           |    77 |   152 |   277 ||   506
  Use: Scroll            |       |     7 |     2 ||     9
  Eat: Chunk             |       |     6 |    12 ||    18
Armor: Scale mail        |    36 |    41 |    30 ||   107
       Chain mail        |       |       |    27 ||    27
       Plate armour      |       |       |    11 ||    11
Dodge: Dodged            |    33 |    36 |    48 ||   117
Block: Shield            |    54 |    82 |   166 ||   302
       Reflection        |       |       |     3 ||     3
